Map: Moondance

Players

Sparky - Winner!

  • Race: Terran Terran
  • League: Silver
  • Spawn Location: 12:00

MajorTom

  • Race: Protoss Protoss
  • League: Silver
  • Spawn Location: 6:00

VOD

Have the link to the VOD?

Description

Time

  • Played on: July 24, 2022, noon
  • Length: 13:01
Show
View Real Time Build Order
Export as new Build Order

Sparky Terran - Winner!

Build Orders:  

Get SALT Encoding   

  12  0:09  Supply Depot  
  12  0:35  Barracks  
  12  0:36  SCV  
  12  0:38  Refinery  
  13  0:48  SCV  
  14  1:09  SCV  
  15  1:23  Marine  
  16  1:25  Supply Depot  
  16  1:28  SCV  
  17  1:41  Marine  
  18  1:53  SCV  
  19  1:54  Command Center  
  19  1:59  Marine  
  20  2:13  Barracks  
  20  2:17  Marine  
  21  2:26  Orbital Command  
  21  2:35  Marine  
  22  2:53  Marine  
  23  3:04  Engineering Bay  
  23  3:07  Barracks Tech Lab  
  23  3:10  Marine  
  24  3:16  SCV  
  24  3:18  SCV  
  26  3:27  Concussive Shells  
  26  3:28  SCV, Marine  
  26  3:30  SCV, Factory  
  29  3:35  Marauder  
  31  3:43  SCV  
  31  3:45  SCV  
  31  3:46  Marine  
  34  3:59  Marauder  
  36  4:04  Marine  
  36  4:07  SCV  
  38  4:11  Terran Infantry Weapons Level 1  
  38  4:18  Refinery  
  38  4:21  Marauder, Factory Tech Lab  
  38  4:22  Marine  
  41  4:36  SCV  
  42  4:39  Marine  
  42  4:42  Siege Tank  
  46  4:50  Supply Depot  
  46  5:11  SCV, Marine  
  46  5:12  Marauder  
  46  5:13  Supply Depot  
  50  5:25  Siege Tank  
  53  5:29  Command Center  
  53  5:30  Marine  
  56  5:35  Marauder  
  56  5:48  Marine  
  59  5:57  Marauder  
  59  6:01  SCV  
  60  6:06  Marine, Terran Infantry Armor Level 1  
  61  6:41  Siege Tank, Marine  
  61  6:43  Marauder  
  67  6:59  Marine  
  68  7:05  Marauder  
  70  7:12  Orbital Command  
  70  7:13  Widow Mine  
  72  7:17  Marine  
  72  7:20  SCV  
  74  7:26  Marauder  
  76  7:32  SCV  
  77  8:12  Supply Depot  
  77  8:21  Starport  
  77  8:23  Combat Shield  
  77  8:33  Marine  
  77  8:34  SCV, Supply Depot, Widow Mine, Marauder  
  83  8:46  SCV  
  82  8:51  Marine  
  85  8:55  Marauder  
  85  8:56  Supply Depot, Widow Mine  
  85  8:58  SCV  
  85  8:59  Neosteel Armor  
  85  9:00  Armory  
  85  9:01  Starport Tech Lab  
  88  9:09  Marine  
  89  9:17  Marauder  
  91  9:18  Siege Tank  
  91  9:20  Missile Turret  
  94  9:27  Marine  
  94  9:29  Barracks  
  95  9:33  Sensor Tower  
  95  9:38  Marauder  
  97  9:41  Command Center  
  97  9:42  Missile Turret  
  97  9:45  Marine  
  98  9:48  Raven  
  98  9:49  Supply Depot  
  98  9:52  Refinery  
  100  9:54  Missile Turret, Refinery  
  100  10:07  Orbital Command, Missile Turret  
  100  10:12  Supply Depot  
  100  10:23  Missile Turret  
  100  10:27  Barracks Reactor  
  100  10:28  Barracks Tech Lab  
  100  10:30  Missile Turret  
  100  10:38  Barracks  
  100  10:39  Terran Infantry Armor Level 2  
  100  10:45  Missile Turret  
  100  10:52  Missile Turret  
  100  10:55  Medivac  
  102  11:08  Fusion Core  
  102  11:11  SCV  
  103  11:23  SCV  
  104  11:26  Missile Turret  
  103  11:35  SCV  
  104  11:40  Barracks Reactor  
  104  11:45  Medivac  
  104  11:46  Starport  
  106  11:47  SCV  
  107  11:59  SCV  
  105  12:35  Ghost Academy  
Show
View Real Time Build Order
Export as new Build Order

MajorTom Protoss 

Build Orders: Cannon Rush 

Get SALT Encoding   

  12  0:14  Pylon  
  12  0:35  Forge  
  12  0:54  Gateway  
  12  1:14  Photon Cannon  
  12  1:19  Photon Cannon  
  12  1:24  Probe (Chrono Boost)  
  13  1:34  Probe (Chrono Boost)  
  13  1:39  Assimilator, Probe (Chrono Boost)  
  15  1:51  Probe  
  16  1:56  Photon Cannon  
  16  2:02  Pylon  
  16  2:12  Pylon  
  16  2:16  Assimilator  
  16  2:27  Pylon  
  16  2:50  Cybernetics Core  
  16  2:54  Cybernetics Core  
  16  3:19  Pylon  
  16  3:20  Pylon  
  16  3:45  Nexus  
  16  4:02  Shield Battery  
  16  4:10  Photon Cannon  
  16  4:23  Warp Gate  
  16  4:25  Pylon  
  16  4:46  Stargate  
  16  4:58  Stargate  
  16  4:59  Probe (Chrono Boost)  
  17  5:11  Probe (Chrono Boost)  
  18  5:16  Probe (Chrono Boost)  
  19  5:25  Probe  
  20  5:33  Photon Cannon  
  20  5:37  Probe  
  21  5:43  Photon Cannon  
  21  5:50  Shield Battery  
  21  5:58  Pylon  
  21  6:07  Photon Cannon  
  21  6:27  Protoss Air Weapons Level 1  
  21  6:34  Protoss Air Armor Level 1  
  21  6:37  Shield Battery  
  21  6:51  Fleet Beacon  
  21  6:58  Stargate  
  21  7:28  Zealot  
  21  7:50  Photon Cannon  
  21  7:51  Photon Cannon  
  21  7:57  Shield Battery  
  19  8:00  Photon Cannon  
  15  8:06  Photon Cannon  
  15  8:22  Twilight Council  
  15  9:04  Adept  
  17  9:17  Dark Shrine  
  17  9:22  Gateway  
  17  9:25  Gateway  
  17  9:27  Gateway  
  17  9:59  Stargate  
  15  10:30  Dark Templar  
  15  10:31  Dark Templar x3  
  15  10:56  Pylon  
  19  10:58  Void Ray (Chrono Boost)  
  19  11:21  Stargate  
  19  11:54  Robotics Facility  
  19  12:00  Photon Cannon  
  19  12:01  Photon Cannon x2  
  18  12:31  Void Ray (Chrono Boost)  
  17  12:38  Zealot  
Tags
 
Add a new tag
Caveats
  • Supply blocks, unpowered buildings, or Contaminate may cause inaccurate times.
  • Supply counts are checked every 10 seconds.